 Dungeon Crawl Stone Soup version 0.21.1-1-g345015f (webtiles) character file.

17 theblackcape the Cutter (level 2, -7/26 HPs)
             Began as a Gnoll Wanderer on June 14, 2018.
             Mangled by a worm (8 damage)
             ... on level 1 of the Dungeon.
             The game lasted 00:04:04 (671 turns).

theblackcape the Cutter (Gnoll Wanderer)             Turns: 671, Time: 00:04:05

Health: -7/26      AC:  6    Str: 15    XL:     2   Next: 62%
Magic:  3/3        EV: 12    Int: 14    God:
Gold:   18         SH:  0    Dex: 13    Spells: 1/1 levels left

rFire    . . .     SeeInvis .   c - +0 spear
rCold    . . .     Gourm    .   (no shield)
rNeg     . . .     Faith    .   g - +0 ring mail
rPois    .         Spirit   .   (no helmet)
rElec    .         Reflect  .   (no cloak)
rCorr    .         Harm     .   j - +0 pair of gloves
MR       .....                  (no boots)
Stlth    +.........             (no amulet)
HPRegen  0.08/turn              (no ring)
MPRegen  0.08/turn              (no ring)

@: no status effects
A: distributed training, fangs 1, strong nose
a: no special abilities


You were on level 1 of the Dungeon.
You were not hungry.

You visited 1 branch of the dungeon, and saw 2 of its levels.

You collected 18 gold pieces.

Inventory:

Hand Weapons
 c - a +0 spear (weapon)
Missiles
 b - 3 throwing nets (quivered)
Armour
 a - a +0 leather armour
 g - a +0 ring mail (worn)
 j - a +0 pair of gloves (worn)
Scrolls
 e - a scroll of teleportation {unknown}
 h - a scroll of blinking {unknown}
 k - 3 scrolls of identify {unknown}
 l - a scroll of magic mapping {unknown}
 n - a scroll of immolation {unknown}
Potions
 d - a potion of curing
 i - a potion of heal wounds {unknown}
Comestibles
 f - 3 rations
 m - 4 chunks of flesh


   Skills:
 + Level 4.5 Fighting
 + Level 6.5 Short Blades
 + Level 0.4 Long Blades
 + Level 0.4 Axes
 + Level 0.4 Maces & Flails
 + Level 0.4 Polearms
 + Level 0.4 Staves
 + Level 0.4 Slings
 + Level 0.4 Bows
 + Level 0.4 Crossbows
 + Level 2.5 Throwing
 + Level 0.4 Armour
 + Level 4.5 Dodging
 + Level 2.2 Stealth
 + Level 0.4 Shields
 + Level 0.4 Unarmed Combat
 + Level 0.4 Spellcasting
 + Level 0.2 Conjurations
 + Level 0.2 Hexes
 + Level 0.2 Charms
 + Level 0.2 Summonings
 + Level 0.2 Necromancy
 + Level 0.2 Translocations
 + Level 0.2 Transmutations
 + Level 0.2 Fire Magic
 + Level 0.2 Ice Magic
 + Level 0.2 Air Magic
 + Level 0.2 Earth Magic
 + Level 0.2 Poison Magic
 + Level 0.5 Invocations
 + Level 2.5 Evocations


You had one spell level left.
You didn't know any spells.

Dungeon Overview and Level Annotations

Branches:
Dungeon (2/15)

Altars:

Annotations:
D:2 Sigmund


Innate Abilities, Weirdness & Mutations

Your experience applies equally to all skills.
You have very sharp teeth.
Your uncanny sense of smell can sniff out nearby items.


Message History

The hobgoblin hits you but does no damage.
In your confused state, you trip and fall back down the stairs.
The worm bites you.
You hear some strange, mumbled words.
A puff of flame appears from out of thin air!
The puff of flame misses you.
The hobgoblin hits you but does no damage.
Something hits you but does no damage. The worm closely misses you.
The hobgoblin hits you but does no damage.
You climb upwards.
There is a stone staircase leading down here.
You feel less confused. Something hits you but does no damage.
The hobgoblin closely misses you.
You hit the hobgoblin but do no damage. The worm closely misses you.
The hobgoblin hits you but does no damage.
You hit the hobgoblin but do no damage. Something hits you!
* * * LOW HITPOINT WARNING * * *
The hobgoblin hits you but does no damage.
The worm bites you!
You die...

#.# ##....# #...)....
#.# #..##.# #.######.
#.# ##'###'## #.# #. #.#
#...#...###.#### #. #.#
#.>.#...#...##.###. #.#
#...#...#...#.#.### #.##
#.>.#.<.#....###...
#..###...#...#..#....###
##.#.##w@.#...#....#.##
##.###.#g..#...#.(#...#
##.##
####+###+##..##.#####
#.##
##..#..............#
##.##
##.######.#.###.###.#
##.###.## #.#.# #.###.#
##.#.## #.#.# #.....#
##.## #.#.# ####..# #.#
#.#.# #..#


You could see a worm and a hobgoblin.

Vanquished Creatures
  A dart slug (D:1)
  A leopard gecko (D:1)
  2 bats (D:1)
  2 hobgoblins (D:1)
  5 frilled lizards (D:1)
  3 kobolds (D:1)
  2 rats (D:1)
16 creatures vanquished.

Notes
Turn   | Place    | Note
-------+----------+-------------------------------------------
     0 | D:1      | theblackcape the Gnoll Wanderer began the quest for the Orb.
     0 | D:1      | theblackcape set off with: a +0 leather armour, 3 throwing nets, a +0 spear, a potion of curing, a ration
     0 | D:1      | Reached XP level 1. HP: 20/20 MP: 2/2
   259 | D:1      | Reached XP level 2. HP: 25/26 MP: 3/3
   662 | D:2      | Noticed Sigmund
   671 | D:1      | HP: 1/26 [something (8)]
   671 | D:1      | Mangled by a worm

Action                   || total
-------------------------++-------
Melee: Spear             ||    52
       Bite              ||     3
Throw: Throwing net      ||     1
 Stab: Sleeping          ||     2
       Held in net/web   ||     1
Armor: Ring mail         ||    19
Dodge: Dodged            ||    30
